 Dungeon Crawl Stone Soup version 0.20.0-15-g7f486f2 (webtiles) character file.

177 Kosschaser the Shield-Bearer (level 5, -6/33 HPs)
             Began as a Gargoyle Fighter on June 17, 2017.
             Killed by divine providence
             ... invoked by an orc priest
              (16 damage)
             ... on level 3 of the Dungeon.
             The game lasted 00:09:20 (2301 turns).

Kosschaser the Shield-Bearer (Gargoyle Fighter)     Turns: 2301, Time: 00:09:21

Health: -6/33      AC: 11    Str: 20    XL:     5   Next: 57%
Magic:  5/5        EV:  7    Int:  8    God:
Gold:   172        SH:  9    Dex: 10    Spells: 4/4 levels left

rFire    . . .     SeeInvis .   a - +0 flail
rCold    . . .     Gourm    .   c - +0 shield
rNeg     + . .     Faith    .   b - +0 scale mail
rPois    ∞         Spirit   .   (no helmet)
rElec    +         Reflect  .   (no cloak)
rCorr    .         Harm     .   (no gloves)
MR       .....                  (no boots)
Stlth    ..........             (no amulet)
Regen    0.2/turn               (no ring)
MPRegen  0.1/turn               (no ring)

@: no status effects
A: negative energy resistance 1, electricity resistance, unbreathing,
petrification resistance, rot immunity, AC +4
a: no special abilities


You were on level 3 of the Dungeon.
You were not hungry.

You visited 1 branch of the dungeon, and saw 3 of its levels.

You collected 172 gold pieces.

Inventory:

Hand Weapons
 a - a +0 flail (weapon)
Armour
 b - a +0 scale mail (worn)
 c - a +0 shield (worn)
Scrolls
 h - a scroll of identify {unknown}
 i - a scroll of enchant armour {unknown}
 j - 2 scrolls of remove curse {unknown}
 k - a scroll of blinking {unknown}
 m - a scroll of teleportation {unknown}
 q - a scroll of enchant weapon {unknown}
 t - a scroll of magic mapping {unknown}
Potions
 d - 2 potions of might
 e - 3 potions of flight {unknown}
 l - a potion of magic {unknown}
 n - a potion of resistance {unknown}
 o - a potion of curing {unknown}
 s - a potion of lignification {unknown}
 u - a potion of heal wounds {unknown}
 v - a potion of berserk rage {unknown}
 w - a potion of agility {unknown}
Comestibles
 f - 3 bread rations
 g - a royal jelly
 p - 2 meat rations
 r - a fruit


   Skills:
 + Level 4.2 Fighting
 + Level 3.5 Maces & Flails
 + Level 4.0 Armour
 + Level 0.4 Dodging
 + Level 4.4 Shields


You had 4 spell levels left.
You didn't know any spells.

Dungeon Overview and Level Annotations

Branches:
Dungeon (3/15)

Altars:
Elyvilon
The Shining One


Innate Abilities, Weirdness & Mutations

You are resistant to torment.
Your stone body is resilient. (AC +4)
You are immune to poison.
You resist negative energy. (rN+)
You are resistant to electric shocks. (rElec)
You can survive without breathing.
You are immune to petrification.
You are immune to rotting.


Message History

Found a white marble altar of Elyvilon.
There is a white marble altar of Elyvilon here.
f - 3 bread rations (gained 1)
You see here a scale mail.
An orc comes into view. It is wielding an enchanted mace.
The orc wizard shouts!
There are monsters nearby!
The orc priest invokes the aid of Beogh against you.
Beogh smites you! The orc wizard casts a spell at you.
You resist with some effort.
The orc hits you with an enchanted mace.
The orc wizard gestures at you while chanting.
The magic dart hits you!
The orc wizard gestures at you while chanting.
You resist with some effort.
There is a stone staircase leading up here.
The orc priest invokes the aid of Beogh against you.
Beogh smites you!
You die...

........................###....#.
.....................##.#.#....#.
...............#..........#.#####
†...........#.........#.#.#.# #
##>.....................#...#####
##.######...#....####...###......
....#####...#....# #............
....#.......#....######..#.......
....#.....###...@..o.oo....######
....#.....# #.....#####..########
....###...###...#.#####..........
....# #.....####........##.......
....# #.....# #.................
....####....# ##........###......
##..........###.......#.###......
##....................#..........
.......(..##.....................


You could see an orc priest, an orc wizard and an orc.

Vanquished Creatures
  5 adders
  A gnoll (D:1)
  8 worms
  4 dart slugs
  A leopard gecko (D:2)
  2 ball pythons
  13 bats
  5 giant cockroaches
  8 goblins
  5 hobgoblins
  9 jackals
  3 quokkas (D:2)
  7 frilled lizards
  9 kobolds
  14 rats
94 creatures vanquished.

Notes
Turn   | Place    | Note
-------+----------+-------------------------------------------
     0 | D:1      | Kosschaser the Gargoyle Fighter began the quest for the Orb.
     0 | D:1      | Reached XP level 1. HP: 14/14 MP: 1/1
    81 | D:1      | Reached XP level 2. HP: 19/19 MP: 2/2
   343 | D:1      | Reached XP level 3. HP: 24/24 MP: 3/3
   843 | D:2      | Reached XP level 4. HP: 9/29 MP: 4/4
  1473 | D:2      | Reached XP level 5. HP: 29/33 MP: 5/5
  1644 | D:2      | Found a glowing golden altar of the Shining One.
  2207 | D:3      | Found a white marble altar of Elyvilon.
  2301 | D:3      | Killed from afar by an orc priest

Skill      XL: |  1  2  3  4  5 |
---------------+----------------+-----
Maces & Flails | 3 |  3.5
Fighting       | 4 |  4.2
Shields        | 4 |  4.4
Armour         | 4 |  4.0
Dodging        | |  0.4

Action                   |  1- 3 |  4- 6 || total
-------------------------+-------+-------++-------
Melee: Flail             |   137 |   228 ||   365
  Eat: Chunk             |       |     5 ||     5
Armor: Scale mail        |    80 |   186 ||   266
Dodge: Dodged            |    43 |   103 ||   146
Block: Shield            |    72 |   170 ||   242
